 Dungeon Crawl Stone Soup version 0.29-a0-557-g43b9904bd1 (webtiles) character file.

Game seed: 1139987969736217886

975 bande the Bolt Thrower (level 8, -5/60 HPs)
             Began as a Gnoll Wanderer on June 9, 2022.
             Slain by a yak (6 damage)
             ... on level 5 of the Dungeon.
             The game lasted 00:12:46 (5589 turns).

bande the Bolt Thrower (Gnoll Wanderer)             Turns: 5589, Time: 00:12:47

Health: -5/60      AC: 12    Str: 18    XL:     8   Next: 16%
Magic:  12/12      EV: 10    Int:  9    God:
Gold:   980        SH:  0    Dex: 10    Spells: 13/13 levels left

rFire   . . .      SeeInvis .   e - +0 mace
rCold   . . .      Faith    .   (no shield)
rNeg    . . .      Spirit   .   f - +0 plate armour
rPois   +          Reflect  .   (no helmet)
rElec   .          Harm     .   (no cloak)
rCorr   .          Rampage  .   A - +0 pair of gloves
Will    .....                   (no boots)
Stlth   ..........              y - amulet of regeneration
HPRegen 1.00/turn               h - ring of poison resistance
MPRegen 0.13/turn               s - +4 ring of evasion

@: no status effects
A: fangs 1, strong nose, distributed training
a: no special abilities


You were on level 5 of the Dungeon.
You visited 1 branch of the dungeon, and saw 6 of its levels.

You collected 980 gold pieces.

Inventory:

Hand Weapons
 a - a +1 hand crossbow of flaming
 e - a +0 mace (weapon)
Armour
 d - a +0 leather armour
 f - a +0 plate armour (worn)
 A - a +0 pair of gloves (worn)
Magical Staves
 m - a staff of earth
Jewellery
 g - a ring of fire
 h - a ring of poison resistance (left hand)
 s - a +4 ring of evasion (right hand)
 t - a ring of protection from fire
 y - an amulet of regeneration (around neck)
Wands
 p - a wand of iceblast (13)
 u - a wand of acid (8)
 D - a wand of paralysis (9)
Scrolls
 c - a scroll of blinking
 i - 4 scrolls of poison
 j - a scroll of magic mapping
 l - 2 scrolls of amnesia
 r - a scroll of brand weapon
 v - 2 scrolls of teleportation
Potions
 k - a potion of mutation {unknown}
 n - a potion of haste
 o - 3 potions of flight
 q - 3 potions of curing
 w - a potion of cancellation
 x - a potion of invisibility
 z - a potion of heal wounds
 B - 3 potions of ambrosia {unknown}
 C - a potion of resistance {unknown}
 E - a potion of magic {unknown}
Miscellaneous
 b - a condenser vane (quivered)


   Skills:
 + Level 4.0 Fighting
 + Level 3.0 Short Blades
 + Level 3.0 Long Blades
 + Level 3.0 Axes
 + Level 3.0 Maces & Flails
 + Level 3.0 Polearms
 + Level 3.0 Staves
 + Level 3.0 Slings
 + Level 3.0 Bows
 + Level 7.2 Crossbows
 + Level 3.0 Throwing
 + Level 3.0 Armour
 + Level 4.0 Dodging
 + Level 6.7 Stealth
 + Level 3.0 Shields
 + Level 3.0 Unarmed Combat
 + Level 3.0 Spellcasting
 + Level 2.4 Conjurations
 + Level 2.4 Hexes
 + Level 2.4 Summonings
 + Level 2.4 Necromancy
 + Level 2.4 Translocations
 + Level 2.4 Transmutations
 + Level 2.4 Fire Magic
 + Level 2.4 Ice Magic
 + Level 2.4 Air Magic
 + Level 2.4 Earth Magic
 + Level 2.4 Poison Magic
 + Level 3.3 Invocations
 + Level 5.5 Evocations


You had 13 spell levels left.
You didn't know any spells.
Your spell library contained the following spells:

 Spells                   Type           Power      Damage    Failure   Level
 Ensorcelled Hibernation  Hex/Ice        10%        N/A       100%        2
 Static Discharge         Conj/Air       5%         N/A       100%        2
 Conjure Flame            Conj/Fire      5%         6-21      100%        3
 Gell's Gravitas          Tloc           5%         N/A       100%        3
 Ignite Poison            Fire/Tmut/Pois 5%         N/A       100%        3
 Spider Form              Tmut/Pois      5%         N/A       100%        3
 Teleport Other           Tloc           5%         N/A       100%        3
 Anguish                  Hex/Necr       2%         N/A       100%        4
 Dispel Undead            Necr           5%         3d7       100%        4
 Sticky Flame             Conj/Fire      5%         2d3       100%        4
 Blade Hands              Tmut           2%         N/A       100%        5
 Irradiate                Conj/Tmut      2%         3d14      100%        5
 Dispersal                Tloc           2%         N/A       100%        6
 Dragon Form              Tmut           2%         N/A       100%        7


Dungeon Overview and Level Annotations

Branches:
Dungeon (6/15)
 Temple: D:4-7

Altars:
Fedhas
Qazlal
Uskayaw
Vehumet

Shops:
D:1 ?   D:4 *

Annotations:
D:4 3 runed translucent doors, arpsito's ghost, amateur MiFi


Innate Abilities, Weirdness & Mutations

You have very sharp teeth.
Your uncanny sense of smell can sniff out nearby items.
Your experience applies equally to all skills.


Message History

You shoot a bolt.
The bolt hits the yak but does no damage.
The yak is lightly wounded.
You shoot a bolt. The bolt closely misses the yak.
The yak gores you but does no damage.
A necrophage comes into view.
The black bear bites you. The black bear closely misses you. x2
The yak gores you! x2
You shoot a bolt. The bolt hits the yak.
The bolt burns the yak.
The yak is lightly wounded.
The yak gores you. x2; The black bear barely misses you.
The black bear claws you but does no damage.
The black bear claws you. The yak closely misses you.
The black bear bites you but does no damage.
The black bear closely misses you. The black bear barely misses you.
The yak gores you. The yak attacks as you move away! The yak gores you!
The yak attacks as you move away! The yak gores you.
* * * LOW HITPOINT WARNING * * *
The black bear bites you.
* * * LOW HITPOINT WARNING * * *
The black bear claws you.
* * * LOW HITPOINT WARNING * * *
The black bear misses you. The yak attacks as you move away! The yak gores you.
* * * LOW HITPOINT WARNING * * *
There is an escape hatch in the ceiling here.
A mysterious force pulls you upwards. The hatch slams shut behind you.
Your +1 hand crossbow of flaming stops flaming.
e - a +0 mace (weapon)
You hit the yak but do no damage. You punch the yak.
The yak is lightly wounded.
The yak gores you!
* * * LOW HITPOINT WARNING * * *
You hit the yak.
The yak is moderately wounded.
The yak gores you!
* * * LOW HITPOINT WARNING * * *
The yak gores you.
You die...

#..######..................####
##.#...##..#.......####.........
#.####....##.......# ##........
### ##..###......## #..###...
#..# ##.....## ##..####.. #.##
##......####.....#### #.#
#.................### ###
###.####..........#.........
#.###...>##....@....####.......#
##........#...Y.....# #....####
##..#####.......#...## ##..##
##.†## ##.....###...# ##..#
#...# ##....# #...###(.## #...#
##....###...#....## #.#.#
##..##..<#.........#
##..######..#####......###..## #
#..#..##...## ##.....# ##..####


You could see a yak.

Vanquished Creatures
  A sky beast (D:6)
  A black bear (D:5)
  An ogre (D:5)
  An ice beast (D:5)
  2 necrophages
  2 scorpions (D:5)
  A hound (D:5)
  4 iguanas
  A gnoll shaman (D:4)
  Terence (D:2)
  An orc wizard (D:4)
  3 gnolls (D:4)
  6 adders
  A worm (D:3)
  2 dart slugs
  11 orcs
  5 bats
  3 endoplasms
  4 giant cockroaches
  9 goblins
  7 hobgoblins
  4 jackals (D:3)
  2 quokkas
  4 ball pythons
  3 frilled lizards
  A kobold (D:4)
  3 rats
84 creatures vanquished.

Vanquished Creatures (others)
  A fungus (D:3)
  2 plants (D:3)
3 creatures vanquished.

Grand Total: 87 creatures vanquished

Notes
Turn   | Place    | Note
-------+----------+-------------------------------------------
     0 | D:1      | bande the Gnoll Wanderer began the quest for the Orb.
     0 | D:1      | bande set off with the following items: a +1 hand crossbow,
                  | a condenser vane, a scroll of blinking, a +0 leather armour
     0 | D:1      | Reached XP level 1. HP: 17/17 MP: 1/1
   153 | D:1      | Found a faded altar of an unknown god.
   202 | D:1      | Reached XP level 2. HP: 23/23 MP: 2/2
   392 | D:1      | Found Jeeguo's Magic Scroll Shop.
   726 | D:2      | Reached XP level 3. HP: 17/28 MP: 3/3
  1084 | D:2      | Reached skill level 1 in Invocations
  1318 | D:2      | Reached skill level 1 in Short Blades
  1318 | D:2      | Reached skill level 1 in Long Blades
  1318 | D:2      | Reached skill level 1 in Axes
  1318 | D:2      | Reached skill level 1 in Maces & Flails
  1318 | D:2      | Reached skill level 1 in Polearms
  1318 | D:2      | Reached skill level 1 in Staves
  1318 | D:2      | Reached skill level 1 in Slings
  1318 | D:2      | Reached skill level 1 in Bows
  1318 | D:2      | Reached skill level 1 in Throwing
  1318 | D:2      | Reached skill level 1 in Armour
  1318 | D:2      | Reached skill level 1 in Shields
  1318 | D:2      | Reached skill level 1 in Unarmed Combat
  1318 | D:2      | Reached skill level 1 in Spellcasting
  1394 | D:2      | Reached XP level 4. HP: 34/34 MP: 5/5
  1460 | D:2      | Noticed Terence
  1477 | D:2      | Killed Terence
  1966 | D:3      | Reached skill level 1 in Conjurations
  1966 | D:3      | Reached skill level 1 in Hexes
  1966 | D:3      | Reached skill level 1 in Summonings
  1966 | D:3      | Reached skill level 1 in Necromancy
  1966 | D:3      | Reached skill level 1 in Translocations
  1966 | D:3      | Reached skill level 1 in Transmutations
  1966 | D:3      | Reached skill level 1 in Fire Magic
  1966 | D:3      | Reached skill level 1 in Ice Magic
  1966 | D:3      | Reached skill level 1 in Air Magic
  1966 | D:3      | Reached skill level 1 in Earth Magic
  1966 | D:3      | Reached skill level 1 in Poison Magic
  1975 | D:3      | Identified a scroll of acquirement
  1975 | D:3      | Acquired 660 gold pieces
  2150 | D:3      | Found a radiant altar of Vehumet.
  2225 | D:3      | Reached XP level 5. HP: 31/40 MP: 6/6
  2366 | D:3      | Found a blossoming altar of Fedhas.
  2368 | D:3      | Found a stormy altar of Qazlal.
  2922 | D:4      | Found Uraoc's Assorted Antiques.
  3101 | D:4      | Found a hide-covered altar of Uskayaw.
  3107 | D:4      | Noticed a +0 dagger
  3107 | D:4      | Noticed a +0 dagger
  3368 | D:4      | Found a runed translucent gate.
  3368 | D:4      | Found a runed translucent gate.
  3368 | D:4      | Found a runed translucent gate.
  3417 | D:4      | Reached XP level 6. HP: 27/47 MP: 8/8
  3600 | D:4      | Noticed a water moccasin
  3600 | D:4      | Noticed arpsito's ghost (amateur MiFi)
  3818 | D:4      | Reached skill level 5 in Evocations
  4029 | D:5      | Entered Level 5 of the Dungeon
  4098 | D:5      | Identified the +5 whip of Expedience {vorpal, *Corrode Fly
                  | rPois rC++}
  4169 | D:5      | Noticed an ice beast
  4180 | D:5      | Killed an ice beast
  4181 | D:5      | Reached XP level 7. HP: 52/52 MP: 10/10
  4245 | D:5      | Reached skill level 7 in Crossbows
  5066 | D:5      | Reached XP level 8. HP: 60/60 MP: 12/12
  5577 | D:6      | Noticed a yak
  5577 | D:6      | Noticed a yak
  5589 | D:5      | HP: 1/60 [yak (9)]
  5589 | D:5      | Slain by a yak

Illustrated notes

Levels and vault maps discovered:
D:1:      scummos_arrival_star, layout_loops_ring, serial_shops,
          nicolae_diamond_shop, hellmonk_ecumenical_altar_blasted,
          minmay_tromino_v4_b
D:2:      minmay_evil_eye, layout_loops_cross, uniq_terence
D:3:      layout_loops_ring, grunt_temple_overflow_forces_of_nature,
          nicolae_vehumet_radiance
D:4:      minmay_spotlight, layout_basic, dancing_weapons_uskayaw, serial_shops,
          nicolae_square_shop, gammafunk_ghost_split, kennysheep_generic_room_2
D:5:      layout_layer_cave
D:6:      layout_loops_ring, mainiacjoe_overflow_paths, temple_fountains,
          serial_bayou_pond_a, minmay_manual_mandibuliform

Skill      XL: |  1  2  3  4  5  6  7  8 |
---------------+-------------------------+-----
Stealth        | 6 |  6.7
Invocations    | 1 2 3 |  3.3
Short Blades   | 1 2 3 |  3.0
Long Blades    | 1 2 3 |  3.0
Axes           | 1 2 3 |  3.0
Maces & Flails | 1 2 3 |  3.0
Polearms       | 1 2 3 |  3.0
Staves         | 1 2 3 |  3.0
Slings         | 1 2 3 |  3.0
Bows           | 1 2 3 |  3.0
Throwing       | 1 2 3 |  3.0
Armour         | 1 2 3 |  3.0
Shields        | 1 2 3 |  3.0
Unarmed Combat | 1 2 3 |  3.0
Spellcasting   | 1 2 3 |  3.0
Conjurations   | 1 2 |  2.4
Hexes          | 1 2 |  2.4
Summonings     | 1 2 |  2.4
Necromancy     | 1 2 |  2.4
Translocations | 1 2 |  2.4
Transmutations | 1 2 |  2.4
Fire Magic     | 1 2 |  2.4
Ice Magic      | 1 2 |  2.4
Air Magic      | 1 2 |  2.4
Earth Magic    | 1 2 |  2.4
Poison Magic   | 1 2 |  2.4
Fighting       | 3 4 |  4.0
Dodging        | 3 4 |  4.0
Evocations     | 5 |  5.5
Crossbows      | 7 |  7.2

Action                   |  1- 3 |  4- 6 |  7- 9 || total
-------------------------+-------+-------+-------++-------
Melee: Mace              |       |       |     8 ||     8
       Punch             |       |       |     1 ||     1
 Fire: Hand crossbow     |    65 |   181 |    75 ||   321
Evoke: Condenser vane    |       |     2 |       ||     2
       Wand              |       |       |     1 ||     1
  Use: Scroll            |     7 |     4 |     3 ||    14
Armor: Plate armour      |    30 |    88 |    52 ||   170
Dodge: Dodged            |     7 |    65 |    34 ||   106

Table legend: (Time is in decaauts)
 A = Elapsed time spent in this place.
 B = Non-inter-level travel time spent in this place.
 C = Inter-level travel time spent in this place.
 D = Time resting spent in this place.
 E = Time spent auto-exploring this place.
 F = Levels seen in this place.
 G = Mean time per level.
                   A        B        C        D        E       F      G
               +--------+--------+--------+--------+--------+-----+--------+
         Total |   5839 |   5758 |     81 |    640 |   4071 |   6 |  973.2 |
       Dungeon |   5839 |   5758 |     81 |    640 |   4071 |   6 |  973.2 |
               +--------+--------+--------+--------+--------+-----+--------+

Top non-repeatable levels by time:
     D:5: 1544 daAuts
     D:2: 1338 daAuts
     D:4: 1187 daAuts
     D:3: 1016 daAuts
     D:1: 687 daAuts
     D:6: 65 daAuts
